 Dungeon Crawl Stone Soup version 0.25-a0-292-gaa31f046c4 (webtiles) character file.

Game seed: 13796059969145840556, levelgen mode: deterministic

182 MoonlitKnight the Covered (level 5, 0/47 HPs)
             Began as a Minotaur Fighter on Dec 15, 2019.
             Slain by a kobold
             ... wielding a +0 whip
              (3 damage)
             ... on level 4 of the Dungeon.
             The game lasted 00:03:46 (1762 turns).

MoonlitKnight the Covered (Minotaur Fighter)        Turns: 1762, Time: 00:03:47

Health: 0/47       AC:  7    Str: 21    XL:     5   Next: 35%
Magic:  4/4        EV:  7    Int:  5    God:
Gold:   112        SH:  9    Dex: 10    Spells: 4/4 levels left

rFire    . . .     SeeInvis .   a - +0 flail
rCold    . . .     Gourm    .   c - +0 shield
rNeg     . . .     Faith    .   b - +0 scale mail
rPois    +         Spirit   .   (helmet restricted)
rElec    .         Reflect  .   (no cloak)
rCorr    .         Harm     .   (no gloves)
MR       .....                  (no boots)
Stlth    ..........             (no amulet)
HPRegen  0.15/turn              m - ring of poison resistance
MPRegen  0.09/turn              (no ring)

@: lightly drained
A: retaliatory headbutt, horns 2
a: no special abilities


You were on level 4 of the Dungeon.
You were hungry.

You visited 1 branch of the dungeon, and saw 4 of its levels.

You collected 112 gold pieces.

Inventory:

Hand Weapons
 a - a +0 flail (weapon)
Armour
 b - a +0 scale mail (worn)
 c - a +0 shield (worn)
Jewellery
 g - an uncursed ring of positive energy {unknown}
 m - a ring of poison resistance (left hand)
Scrolls
 i - a scroll of teleportation {unknown}
 j - 3 scrolls of identify {unknown}
 l - 2 scrolls of blinking {unknown}
 o - a scroll of immolation {unknown}
 p - a scroll of amnesia {unknown}
Potions
 d - a potion of might
 e - a potion of heal wounds {unknown}
 h - 2 potions of degeneration {unknown}
 k - a potion of curing {unknown}
 n - a potion of agility {unknown}
 q - 2 potions of mutation {unknown}
 r - a potion of lignification {unknown}
Comestibles
 f - 4 rations


   Skills:
 + Level 4.5(4.4) Fighting
 * Level 4.6(4.5) Maces & Flails
 + Level 4.7(4.6) Armour
 + Level 4.6(4.5) Shields


You had 4 spell levels left.
You didn't know any spells.
Your spell library was empty.

Dungeon Overview and Level Annotations

Branches:
Dungeon (4/15)
 Temple: D:4-7

Altars:
Gozag
Zin


Innate Abilities, Weirdness & Mutations

You reflexively headbutt those who attack you in melee.
You have a pair of horns on your head.


Message History

The rat bites you but does no damage. The kobold hits you but does no damage.
You closely miss the orc. The rat bites you but does no damage.
The orc hits you but does no damage. The kobold hits you with a +0 whip.
* * * LOW HITPOINT WARNING * * *
The rat bites you but does no damage. The orc hits you with a +0 dagger.
* * * LOW HITPOINT WARNING * * *
You hit the orc.
The orc is severely wounded.
The kobold hits you but does no damage. The rat barely misses you.
You furiously retaliate!
You headbutt the rat. The orc hits you but does no damage.
You closely miss the orc.
The orc is severely wounded.
The kobold closely misses you. The rat barely misses you.
You block the orc's attack.
Your shield and scale mail prevent you from hitting the orc.
Your headbutt misses the orc.
The orc is severely wounded.
The kobold hits you with a +0 whip.
You die...

# .# ####
.# #...
..#
#...##..#
##......#
#...@..(#
#..orK..#
#.......#
#########


You could see an orc, a kobold and a rat.

Vanquished Creatures
  Crazy Yiuf (D:2)
  Natasha (thrice) (D:2)
  2 adders (D:2)
  2 worms (D:2)
  2 dart slugs (D:1)
  A leopard gecko (D:2)
  A ball python (D:1)
  A giant cockroach (D:1)
  7 goblins
  6 hobgoblins
  4 jackals (D:1)
  8 kobolds
  A quokka (D:3)
  9 bats
  4 frilled lizards (D:1)
  6 rats
58 creatures vanquished.

Notes
Turn   | Place    | Note
-------+----------+-------------------------------------------
     0 | D:1      | MoonlitKnight the Minotaur Fighter began the quest for the
                  | Orb.
     0 | D:1      | Reached XP level 1. HP: 19/19 MP: 0/0
    97 | D:1      | Reached XP level 2. HP: 27/27 MP: 1/1
   478 | D:1      | Reached XP level 3. HP: 32/33 MP: 2/2
   670 | D:2      | Noticed Natasha
   676 | D:2      | Killed Natasha
   676 | D:2      | Reached XP level 4. HP: 28/40 MP: 3/3
   784 | D:2      | Noticed Natasha
   789 | D:2      | Killed Natasha
   883 | D:2      | Found a glowing silver altar of Zin.
   883 | D:2      | Found an opulent altar of Gozag.
   962 | D:2      | Noticed Natasha
   977 | D:2      | Killed Natasha
  1277 | D:2      | Reached XP level 5. HP: 46/47 MP: 4/4
  1390 | D:2      | Found a runed translucent door.
  1391 | D:2      | Noticed Crazy Yiuf
  1409 | D:2      | Killed Crazy Yiuf
  1762 | D:4      | Slain by a kobold

Levels and vault maps discovered:
D:1:      lemuel_arrival_room, layout_basic
D:2:      layout_loops_cross, grunt_temple_overflow_gold_and_silver,
          uniq_natasha, uniq_crazy_yiuf_cottage
D:3:      layout_rooms, lemuel_altar_in_water
D:4:      layout_gridville, nicolae_overflow_hidden_temple,
          okawaru_metal_pillars_3

Skill      XL: |  1  2  3  4 |
---------------+-------------+-----
Maces & Flails | 3 4 |  4.6
Armour         | 4 |  4.7
Fighting       | 4 |  4.5
Shields        | 4 |  4.6

Action                   |  1- 3 |  4- 6 || total
-------------------------+-------+-------++-------
Melee: Flail             |    85 |    69 ||   154
       Headbutt          |     5 |    13 ||    18
 Stab: Invisible         |       |     1 ||     1
  Eat: Chunk             |       |     2 ||     2
Armor: Scale mail        |    40 |    26 ||    66
Dodge: Dodged            |    27 |    22 ||    49
Block: Shield            |    42 |    36 ||    78

Table legend:
 A = Non-vault XP
 B = Vault XP
 C = Vault XP percentage of total XP
 D = Non-vault monster count
 E = Vault monster count
 F = Vault count percentage of total count
                 A         B        C        D         E       F
            +---------+---------+-------+---------+---------+-------
      Total |     185 |      76 |  29.1 |      56 |       2 |   3.4
            +---------+---------+-------+---------+---------+-------
        D:1 |      50 |       0 |   0.0 |      31 |       0 |   0.0
        D:2 |     128 |      76 |  37.3 |      20 |       2 |   9.1
        D:3 |       7 |       0 |   0.0 |       5 |       0 |   0.0
            +---------+---------+-------+---------+---------+-------
